 Dungeon Crawl Stone Soup version 0.31-a0-233-g139696dc86 (webtiles) character file.

Game seed: 1939486987848134405

168 qw the Shooter (level 5, -1/45 HPs)
             Began as a Minotaur Hexslinger on July 9, 2023.
             Slain by an orc
             ... wielding a +0 hand axe
              (4 damage)
             ... on level 3 of the Dungeon.
             The game lasted 00:01:01 (2648 turns).

qw the Shooter (Minotaur Hexslinger)                Turns: 2648, Time: 00:01:02

Health: -1/45      AC:  3    Str: 12    XL:     5   Next: 24%
Magic:  5/5        EV: 12    Int: 10    God:
Gold:   117        SH:  0    Dex: 15    Spells: 5/6 levels left

rFire   . . .        Y - +2 sling
rCold   . . .        (no shield)
rNeg    . . .        h - +0 leather armour
rPois   .            (helmet restricted)
rElec   .            (no cloak)
rCorr   .            (no gloves)
SInv    .            (no boots)
Will    .....        g - amulet of the acrobat
Stlth   +            (no ring)
HPRegen 0.27/turn    (no ring)
MPRegen 0.09/turn

%: acrobat
@: no status effects
A: horns 2, retaliatory headbutt
a: no special abilities


You were on level 3 of the Dungeon.
You visited 1 branch of the dungeon, and saw 3 of its levels.

You collected 153 gold pieces.
You spent 36 gold pieces at shops.


Innate Abilities, Weirdness & Mutations

You have a pair of horns on your head.
You reflexively headbutt those who attack you in melee.


   Skills:
 - Level 3.0 Fighting
 + Level 5.4 Ranged Weapons
 - Level 2.1 Dodging
 - Level 1.0 Spellcasting
 - Level 2.0 Hexes


You had 5 spell levels left.
You knew the following spells:

 Your Spells              Type           Power      Damage    Failure   Level
a - Slow                  Hex            16%        N/A       19%         1

Your spell library contained the following spells:

 Spells                   Type           Power      Damage    Failure   Level
 Inner Flame              Hex/Fire       2%         N/A       65%         3
 Portal Projectile        Hex/Tloc       4%         N/A       65%         3
 Cause Fear               Hex            2%         N/A       88%         4

Inventory:

Hand Weapons
 Y - a +2 sling (weapon)
Armour
 f - a +0 pair of boots
 h - a +0 leather armour (worn)
 i - a +0 ring mail
Jewellery
 a - a ring of positive energy
 g - an amulet of the acrobat (around neck)
Scrolls
 b - a scroll of identify
 c - a scroll of fear {unknown}
Potions
 d - a potion of cancellation {unknown}
 e - a potion of attraction {unknown}

Dungeon Overview and Level Annotations

Branches:
Dungeon (3/15)

Altars:

Shops:
D:2 ([


Message History

You hear a shout!
You shoot a sling bullet.
The sling bullet hits the orc but does no damage.
The orc is lightly wounded.
The orc hits you with a +0 falchion.
You shoot a sling bullet.
The sling bullet hits the orc but does no damage.
The orc is lightly wounded.
The orc priest closely misses you. You furiously retaliate!
You headbutt the orc priest, but do no damage.
The orc barely misses you.
You shoot a sling bullet. The sling bullet hits the orc.
The orc is severely wounded.
The orc hits you with a +0 falchion. The orc priest closely misses you.
You furiously retaliate!
You headbutt the orc priest, but do no damage.
The orc closely misses you. The orc priest hits you with a +0 club.
You shoot a sling bullet. The sling bullet barely misses the orc.
An orc comes into view. It is wielding a +0 hand axe.
The orc barely misses you. The orc priest misses you.
You shoot a sling bullet. The sling bullet hits the orc.
You kill the orc!
The orc priest hits you but does no damage.
You shoot a sling bullet. The sling bullet hits the orc priest.
The orc priest is lightly wounded.
You shoot a sling bullet.
The sling bullet hits the orc priest but does no damage.
The orc priest is lightly wounded.
The orc priest completely misses you.
You shoot a sling bullet. The sling bullet hits the orc priest.
The orc priest is moderately wounded.
The orc hits you with a +0 hand axe.
You shoot a sling bullet.
The sling bullet barely misses the orc priest.
The orc priest hits you with a +0 club. The orc hits you with a +0 hand axe.
You shoot a sling bullet. The sling bullet hits the orc priest!
The orc priest is almost dead.
The orc priest calls down the wrath of Beogh upon you.
Beogh smites you! The orc hits you with a +0 hand axe.
You die...

# #........# #......###########+.
######..#### #:##.###..........#.
.####...######.##.#.#..........#.
.+..................#..8....8..#.
.####...######.##.#.#..........#.
## ##..# #.##.###....##....#. #
##.# #.##%###....##....#. #.#
##..o...#..........## #.#
#...@)..#..8....8..# #.#
#.###o###..........# #.## #.#
#.###..........## #..# #.#
#)##'###########. # ##.# #.#
#.......o........ # #.# #.#
####.#######..... # #.# #.# #.#
##.... ########.# #.######.#
##.#. >........# #.)......# #.##


You could see an orc priest and an orc.

Vanquished Creatures
  Terence (D:2)
  3 gnolls (D:2)
  5 adders
  2 worms (D:2)
  5 orcs (D:3)
  4 bats
  6 endoplasms
  A giant cockroach (D:1)
  3 goblins
  3 hobgoblins
  3 jackals (D:2)
  6 kobolds
  7 quokkas
  5 ball pythons
  4 frilled lizards
  3 rats
61 creatures vanquished.

Notes
Turn   | Place    | Note
-------+----------+-------------------------------------------
     0 | D:1      | qw the Minotaur Hexslinger began the quest for the Orb.
     0 | D:1      | Reached XP level 1. HP: 16/16 MP: 1/1
     0 | D:1      | 0 ||| qw: Version: 0.3-a-51-g015441d
     0 | D:1      | 0 ||| qw: Game counter: 3983
     0 | D:1      | 0 ||| qw: Melee chars always use a shield: true
     0 | D:1      | 0 ||| qw: God list: Okawaru
     0 | D:1      | 0 ||| qw: Allow faded altars: false
     0 | D:1      | 0 ||| qw: Do Orc after clearing Dungeon:15 true
     0 | D:1      | 0 ||| qw: Do second Lair branch before Depths: true
     0 | D:1      | 0 ||| qw: Lair rune preference: random
     0 | D:1      | 0 ||| qw: Goals: Normal
     0 | D:1      | 0 ||| PLANNING D:1-11
   192 | D:1      | Reached skill level 3 in Ranged Weapons
   192 | D:1      | Reached XP level 2. HP: 23/23 MP: 2/2
   214 | D:1      | Found a faded altar of an unknown god.
   845 | D:1      | 845 ||| UPGRADING to amulet of the acrobat.
   850 | D:1      | 850 ||| READING scroll labelled GIECRIA GOBIST.
   851 | D:1      | 851 ||| READING scroll labelled KURRUSHRYVE.
   852 | D:1      | 852 ||| DROPPING scroll of poison.
  1092 | D:2      | Reached XP level 3. HP: 28/29 MP: 3/3
  1164 | D:2      | Reached skill level 4 in Ranged Weapons
  1373 | D:2      | Reached XP level 4. HP: 36/36 MP: 4/4
  1395 | D:2      | Found Hit Hio's Antique Weapon Boutique.
  1408 | D:2      | Found Nuich's Antique Armour Shop.
  1413 | D:2      | 1413 ||| SHOPLISTING glowing ring mail (126 gold, have
                  | 107).
  1413 | D:2      | 1413 ||| BUYING leather armour (36 gold).
  1413 | D:2      | Bought a leather armour for 36 gold pieces
  1413 | D:2      | 1413 ||| SHOPLISTING runed leather armour (90 gold, have
                  | 71).
  1413 | D:2      | 1413 ||| SHOPLISTING shiny ring mail (126 gold, have 71).
  1616 | D:2      | 1616 ||| FLEEEEING.
  1617 | D:2      | 1617 ||| FLEEEEING.
  1620 | D:2      | Noticed Terence
  1620 | D:2      | 1620 ||| FLEEEEING.
  1621 | D:2      | 1621 ||| FLEEEEING.
  1622 | D:2      | 1622 ||| FLEEEEING.
  1623 | D:2      | 1623 ||| FLEEEEING.
  1624 | D:2      | 1624 ||| FLEEEEING.
  1625 | D:2      | 1625 ||| FLEEEEING.
  1626 | D:2      | 1626 ||| FLEEEEING.
  1708 | D:2      | Killed Terence
  1709 | D:2      | Reached skill level 5 in Ranged Weapons
  1709 | D:2      | HP: 9/36 [kobold/+0 whip (4)]
  1711 | D:2      | HP: 2/36 [kobold/+0 whip (3)]
  1856 | D:2      | Reached XP level 5. HP: 42/42 MP: 5/5
  2135 | D:2      | 2135 ||| UPGRADING to +0 leather armour.
  2145 | D:2      | 2145 ||| DROPPING +0 robe.
  2146 | D:2      | 2146 ||| READING scroll labelled FATO HOFYAWA.
  2147 | D:2      | 2147 ||| READING scroll labelled INALAE GAMI.
  2348 | D:3      | Reached skill level 3 in Fighting
  2596 | D:3      | Found the brooch of Shielding {Spirit SH+8}
  2601 | D:3      | 2601 ||| FLEEEEING.
  2602 | D:3      | 2602 ||| FLEEEEING.
  2603 | D:3      | 2603 ||| FLEEEEING.
  2604 | D:3      | 2604 ||| FLEEEEING.
  2605 | D:3      | 2605 ||| FLEEEEING.
  2606 | D:3      | 2606 ||| FLEEEEING.
  2607 | D:3      | 2607 ||| FLEEEEING.
  2608 | D:3      | 2608 ||| FLEEEEING.
  2609 | D:3      | 2609 ||| FLEEEEING.
  2610 | D:3      | 2610 ||| FLEEEEING.
  2611 | D:3      | 2611 ||| FLEEEEING.
  2612 | D:3      | 2612 ||| FLEEEEING.
  2613 | D:3      | 2613 ||| FLEEEEING.
  2614 | D:3      | 2614 ||| FLEEEEING.
  2622 | D:3      | 2622 ||| FLEEEEING.
  2623 | D:3      | 2623 ||| FLEEEEING.
  2624 | D:3      | 2624 ||| FLEEEEING.
  2625 | D:3      | 2625 ||| FLEEEEING.
  2626 | D:3      | 2626 ||| FLEEEEING.
  2648 | D:3      | HP: 3/45 [orc priest/divine providence (12)]
  2648 | D:3      | Slain by an orc

Levels and vault maps discovered:
D:1:      minmay_arrival_diagonal_passages, layout_rooms,
          shapermc_ecumenical_altar_gd, serial_forest, infiniplex_forest_end_3,
          infiniplex_forest_lined_room_, infiniplex_forest_fountain,
          infiniplex_forest_lined_4_way, infiniplex_forest_straight_1,
          infiniplex_forest_lined_2, infiniplex_forest_zigzag_2,
          infiniplex_forest_straight_2, infiniplex_forest_clump_long,
          minivault_5, kennysheep_nondescript
D:2:      minmay_angry_zag, layout_loops_corners, serial_shops, shop, shop,
          uniq_terence
D:3:      layout_loops_corners, kennysheep_pointless_box

Skill      XL: |  1  2  3  4  5 |
---------------+----------------+-----
Ranged Weapons | 3 4 5 |  5.4
Fighting       | 2 3 |  3.0
Dodging        | |  2.1
Spellcasting   | |  1.0
Hexes          | |  2.0

Action                     |  1- 3 |  4- 6 || total
---------------------------+-------+-------++-------
   Fire: Sling             |   113 |   108 ||   221
    Use: Scroll            |     2 |     2 ||     4
 Armour: Robe              |     5 |     1 ||     6
         Leather armour    |       |     4 ||     4
  Dodge: Dodged            |    16 |    38 ||    54

Table legend:
 A = Non-vault XP
 B = Vault XP
 C = Vault XP percentage of total XP
 D = Non-vault monster count
 E = Vault monster count
 F = Vault count percentage of total count
                 A         B        C        D         E       F
            +---------+---------+-------+---------+---------+-------
      Total |     177 |      64 |  26.6 |      57 |       4 |   6.6
            +---------+---------+-------+---------+---------+-------
        D:1 |      30 |       0 |   0.0 |      18 |       0 |   0.0
        D:2 |     106 |      64 |  37.6 |      25 |       4 |  13.8
        D:3 |      41 |       0 |   0.0 |      14 |       0 |   0.0
            +---------+---------+-------+---------+---------+-------
